 Dungeon Crawl Stone Soup version 0.27-a0-1565-gad902ab807 (webtiles) character file.

Game seed: 11170729146719775368

11 Aviak the Chiller (level 2, 0/22 HPs)
             Began as a Demigod Ice Elementalist on July 16, 2021.
             Slain by a ball python (3 damage)
             ... on level 1 of the Dungeon.
             The game lasted 00:01:25 (920 turns).

Aviak the Chiller (Demigod Ice Elementalist)         Turns: 920, Time: 00:01:26

Health: 0/22       AC:  2    Str:  9    XL:     2   Next: 3%
Magic:  5/7        EV: 12    Int: 17    God:
Gold:   14         SH:  0    Dex: 14    Spells: 4/5 levels left

rFire    . . .     SeeInvis .   d - +0 dagger
rCold    . . .     Faith    .   (no shield)
rNeg     . . .     Spirit   .   a - +0 robe
rPois    .         Reflect  .   (no helmet)
rElec    .         Harm     .   (no cloak)
rCorr    .         Rampage  .   (no gloves)
Will     .....                  (no boots)
Stlth    ++........             (no amulet)
HPRegen  0.07/turn              (no ring)
MPRegen  0.10/turn              (no ring)

@: no status effects
A: high mp 1, forlorn
a: no special abilities


You were on level 1 of the Dungeon.
You visited 1 branch of the dungeon, and saw 1 of its levels.

You collected 14 gold pieces.

Inventory:

Hand Weapons
 d - a +0 dagger (weapon)
Armour
 a - a +0 robe (worn)
Scrolls
 e - a scroll of blinking {unknown}
Potions
 b - a potion of brilliance {unknown}
 c - a potion of mutation {unknown}
 l - a potion of cancellation


   Skills:
 + Level 0.9 Fighting
 - Level 1.7 Dodging
 - Level 1.7 Stealth
 + Level 2.0 Spellcasting
 + Level 3.7 Ice Magic


You had 4 spell levels left.
You knew the following spells:

 Your Spells              Type           Power      Damage    Failure   Level
a - Freeze                Ice            56%        1d7       4%          1

Your spell library contained the following spells:

 Spells                   Type           Power      Damage    Failure   Level
 Frozen Ramparts          Ice            28%        1d4       12%         3
 Ozocubu's Armour         Ice            14%        N/A       12%         3
 Hailstorm                Conj/Ice       8%         3d4       65%         4


Dungeon Overview and Level Annotations

Branches:
Dungeon (1/15)


Innate Abilities, Weirdness & Mutations

Your attributes grow dramatically as you level up.
You have an increased reservoir of magic. (+10% MP)
You shall have no god before yourself.


Message History

The quokka bites you.
The ball python bites you but does no damage.
The ball python closely misses you. The quokka barely misses you.
The quokka twitches its whiskers.
The endoplasm misses you.
There is a stone staircase leading down here.
A gnoll comes into view. It is wielding a +0 club.
The gnoll shouts!
Found an escape hatch in the floor.
A hobgoblin comes into view.
The endoplasm hits you.
* * * LOW HITPOINT WARNING * * *
Unknown command.
The endoplasm freezes you.
You are frozen.
* * * LOW HITPOINT WARNING * * *
The quokka misses you.
Unknown command.
The quokka barely misses you.
Casting: Freeze (safe; 4% risk of failure)
Confirm with . or Enter, or press ? or * to list all spells.
Aiming: Freeze (safe; 4% risk of failure)
Press: ? - help, Shift-Dir - straight line, f - ball python
Aim: a ball python You freeze the ball python.
The ball python is moderately wounded.
The ball python barely misses you. x2; The ball python closely misses you. x2
Casting: Freeze (safe; 4% risk of failure)
Confirm with . or Enter, or press ? or * to list all spells.
Aiming: Freeze (safe; 4% risk of failure)
Press: ? - help, Shift-Dir - straight line, f/p - ball python
Aim: a ball python (moderately wounded)
You freeze the ball python.
The ball python is severely wounded.
The ball python closely misses you. The ball python barely misses you.
It was a potion of cancellation.
You feel magically purged.
l - a potion of cancellation The ball python bites you.
You die...

. ##.....##.# ..#
##..#...##.###
#...###..##...##>..###
........###....###...###
...#....###.....####...#
####>##..##...#
###.######
#....#####.####.......#
#.#.rS.###....#.......#
#...J#@.##.##.#.......#
##.####.....#...#######
#.# ###...†......# #..
#............# #..#
#.#..........# #...
..###.........# ..###.
#.........# .g.
#.........# #>.
..........#


You could see a quokka and a ball python.

Vanquished Creatures
  A bat (D:1)
  5 endoplasms (D:1)
  A goblin (D:1)
  A hobgoblin (D:1)
8 creatures vanquished.

Notes
Turn   | Place    | Note
-------+----------+-------------------------------------------
     0 | D:1      | Aviak the Demigod Ice Elementalist began the quest for the
                  | Orb.
     0 | D:1      | Reached XP level 1. HP: 14/14 MP: 5/5
   884 | D:1      | Reached XP level 2. HP: 20/22 MP: 7/7
   920 | D:1      | Slain by a ball python

Illustrated notes

Levels and vault maps discovered:
D:1:      ebering_hopf_link, layout_rooms, minmay_misc_feat_chi

Skill      XL: |  1 |
---------------+----+-----
Spellcasting   | 2 |  2.0
Fighting       | |  0.9
Dodging        | |  1.7
Stealth        | |  1.7
Ice Magic      | |  3.7

Action                   || total
-------------------------++-------
Melee: Dagger            ||    31
       Unarmed           ||    12
 Cast: Freeze            ||     6
  Use: Potion            ||     1
 Stab: Sleeping          ||     1
Armor: Robe              ||     8
Dodge: Dodged            ||    34

Table legend: (Time is in decaauts)
 A = Elapsed time spent in this place.
 B = Non-inter-level travel time spent in this place.
 C = Inter-level travel time spent in this place.
 D = Time resting spent in this place.
 E = Time spent auto-exploring this place.
 F = Levels seen in this place.
 G = Mean time per level.
                   A        B        C        D        E       F      G
               +--------+--------+--------+--------+--------+-----+--------+
         Total |    919 |    919 |      0 |    277 |    499 |   1 |  919.0 |
       Dungeon |    919 |    919 |      0 |    277 |    499 |   1 |  919.0 |
               +--------+--------+--------+--------+--------+-----+--------+

Top non-repeatable levels by time:
     D:1: 919 daAuts
